 Dungeon Crawl Stone Soup version 0.29.1-15-g9cfb28693d (webtiles) character file.

Game seed: 11515148170903785531

4 112233 the Ducker (level 1, -1/10 HPs)
             Began as a Felid Fighter on Feb 23, 2023.
             Slain by a jackal (2 damage)
             ... on level 1 of the Dungeon.
             The game lasted 00:00:13 (217 turns).

112233 the Ducker (Felid Fighter)                    Turns: 217, Time: 00:00:13

Health: -1/10      AC:  1    Str: 12    XL:     1   Next: 58%
Magic:  2/2        EV: 18    Int:  9    God:
Gold:   16         SH:  0    Dex: 15    Spells: 0/0 levels left
                                        Lives:  0   Deaths: 0

rFire   . . .      SeeInvis +     - Unarmed
rCold   . . .      Faith    .   (shield unavailable)
rNeg    . . .      Spirit   .   (body armour unavailable)
rPois   .          Reflect  .   (helmet unavailable)
rElec   .          Harm     .   (cloak unavailable)
rCorr   .          Rampage  .   (gloves unavailable)
Will    .....                   (boots unavailable)
Stlth   +.........              (no amulet)
HPRegen 0.03/turn               (no ring)
MPRegen 0.08/turn               (no ring)

@: quick
A: very small, claws 1, fangs 3, see invisible, speed 1, shaggy fur 1, stealthy
paws, no weapons or thrown items, no armour, multi-lived
a: no special abilities


You were on level 1 of the Dungeon.
You visited 1 branch of the dungeon, and saw 1 of its levels.

You collected 16 gold pieces.

Inventory:

Potions
 a - a potion of might


   Skills:
 + Level 3.1 Fighting
 + Level 4.1 Dodging
 + Level 4.0 Unarmed Combat


You couldn't memorise any spells.
You didn't know any spells.
Your spell library was empty.

Dungeon Overview and Level Annotations

Branches:
Dungeon (1/15)

Altars:


Innate Abilities, Weirdness & Mutations

You have sharp claws.
You have razor-sharp teeth.
You have supernaturally acute eyesight. (SInv)
You cover ground quickly. (Speed+)
You are covered in fur. (AC +1)
Your paws help you pounce on unaware monsters.
You are incapable of wielding weapons or throwing items.
You cannot wear armour.
You gain extra lives every three experience levels.


Message History

A rat is nearby!
A rat is nearby!
You closely miss the rat. Your claw misses the rat. The rat barely misses you.
You scratch the rat.
You kill the rat!
No target in view! 2 jackals come into view.
There are monsters nearby!
There are monsters nearby!
There are monsters nearby!
A jackal comes into view.
The jackal barks! x2
The jackal closely misses you.
You scratch the jackal.
The jackal is heavily wounded.
The jackal bites you.
A frilled lizard comes into view.
You closely miss the jackal.
The jackal is heavily wounded.
The jackal misses you. The jackal completely misses you.
The jackal closely misses you.
You scratch the jackal but do no damage.
Your bite misses the jackal.
The jackal is heavily wounded.
The jackal misses you. The jackal barely misses you.
You closely miss the jackal.
The jackal is heavily wounded.
The jackal completely misses you. x2; The jackal bites you.
The jackal completely misses you.
You are too injured to fight recklessly!
The jackal attacks as you move away! The jackal barely misses you.
You scratch the frilled lizard.
You kill the frilled lizard!
The jackal bites you. The jackal completely misses you. The jackal bites you.
* * * LOW HITPOINT WARNING * * *
The jackal closely misses you. The jackal attacks as you move away!
The jackal closely misses you.
Unknown command.
You barely miss the jackal. The jackal barely misses you. The jackal bites you.
You die...

#... #...# .....
.#.... ...... #...#
## #...## .#
#....####.##
#..#@#.....
.####..#h#...# #
........h#...# .#
.............###.###
...##..###.........#
.#..... #.......#..
###...# #..........
#...# ##.........
#...# #.......♣


You could see 2 jackals.

Vanquished Creatures
  A hobgoblin (D:1)
  A bat (D:1)
  2 frilled lizards (D:1)
  2 rats (D:1)
6 creatures vanquished.

Notes
Turn   | Place    | Note
-------+----------+-------------------------------------------
     0 | D:1      | 112233 the Felid Fighter began the quest for the Orb.
     0 | D:1      | Reached XP level 1. HP: 10/10 MP: 2/2
   217 | D:1      | Slain by a jackal

Illustrated notes

Levels and vault maps discovered:
D:1:      kilobyte_arrival_exit_the_forest, layout_rooms,
          hellmonk_ecumenical_altar_slurped_away, minmay_pentomino_o2

Action                   || total
-------------------------++-------
Melee: Unarmed           ||    21
       Bite              ||     1
Armor: Skin              ||     4
Dodge: Dodged            ||    25
